 Dungeon Crawl Stone Soup version 0.21-a0-401-g0b6bec4 (webtiles) character file.

9 AmayaElls the Ruffian (level 2, -7/23 HPs)
             Began as a Draconian Transmuter on Oct 24, 2017.
             Mangled by a gnoll
             ... wielding a +0 flail
              (8 damage)
             ... on level 1 of the Dungeon.
             The game lasted 00:02:12 (266 turns).

AmayaElls the Ruffian (Draconian Transmuter)         Turns: 266, Time: 00:02:13

Health: -7/23      AC:  5    Str: 12    XL:     2   Next: 3%
Magic:  5/5        EV: 12    Int: 13    God:
Gold:   3          SH:  0    Dex: 11    Spells: 4/5 levels left

rFire    . . .     SeeInvis .     - Unarmed
rCold    . . .     Gourm    .   (no shield)
rNeg     . . .     Faith    .   (armour unavailable)
rPois    .         Spirit   .   (helmet restricted)
rElec    .         Reflect  .   (no cloak)
rCorr    .         Harm     .   (no gloves)
MR       .....                  d - +0 pair of boots
Stlth    +.........             (no amulet)
HPRegen  0.07/turn              (no ring)
MPRegen  0.09/turn              (no ring)

@: no status effects
A: unfitting armour, cold-blooded, AC +4
a: no special abilities


You were on level 1 of the Dungeon.
You were not hungry.

You visited 1 branch of the dungeon, and saw 1 of its levels.

You collected 3 gold pieces.

Inventory:

Missiles
 a - 12 arrows
Armour
 d - a +0 pair of boots (worn)
Books
 b - a book of Changes

   Spells                             Type                      Level
   a - Beastly Appendage              Transmutation                1
   b - Sticks to Snakes               Transmutation                2
   c - Spider Form                    Transmutation/Poison         3
   d - Ice Form                       Ice/Transmutation            4
   e - Blade Hands                    Transmutation                5
Comestibles
 c - a bread ration


   Skills:
 + Level 1.1 Fighting
 + Level 1.9 Dodging
 + Level 3.3 Unarmed Combat
 + Level 2.1 Spellcasting
 + Level 2.0 Transmutations


You had 4 spell levels left.
You knew the following spells:

 Your Spells              Type           Power        Failure   Level  Hunger
a - Beastly Appendage     Tmut           #.....       11%         1    ##.....


Dungeon Overview and Level Annotations

Branches:
Dungeon (1/15)

Altars:


Innate Abilities, Weirdness & Mutations

Your plain brown scales are hard. (AC +4)
You cannot fit into any form of body armour.
You are cold-blooded and may be slowed by cold attacks.


Message History

The gnoll is almost dead.
Your horns disappear.
The bat closely misses you. The gnoll hits you with a flail!
You are too injured to fight recklessly!
You are too injured to fight recklessly!
You are too injured to fight recklessly!
You are too injured to fight recklessly!
You are too injured to fight recklessly!
You are too injured to fight recklessly!
The bat closely misses you.
You hit the bat but do no damage. The bat barely misses you.
The gnoll hits you with a flail!
* * * LOW HITPOINT WARNING * * *
The bat closely misses you. The bat barely misses you.
The dart slug barely misses you. The bat closely misses you.
The bat misses you. The bat closely misses you. The bat barely misses you.
The gnoll hits you with a flail!
You die...

#.# #....#
#.########## .#
#.##.#
#..........####
... ##.##.#
#............[###
#.###...#.#
##.#######.#.....
....#...#.# #.#
#....###
#.......####.#
####.#
#......†.g...# #.#
#.....w..b@..# #.#
#.....#####.## #.#
...$............>
#.#
#.#..###.#####.#.#
#.# # #.. #.#
#.#.# #.# ... #.#
#.# # ###.### ...
#.# #.# .......
... ... .# #..###
.# #.# #


You could see a gnoll, a dart slug and a bat.

Vanquished Creatures
  A bat (D:1)
  2 hobgoblins (D:1)
  2 frilled lizards (D:1)
  3 kobolds (D:1)
  2 rats (D:1)
10 creatures vanquished.

Notes
Turn   | Place    | Note
-------+----------+-------------------------------------------
     0 | D:1      | AmayaElls the Draconian Transmuter began the quest for the Orb.
     0 | D:1      | Reached XP level 1. HP: 16/16 MP: 3/3
   249 | D:1      | Reached XP level 2. HP: 20/23 MP: 3/5
   261 | D:1      | HP: 1/23 [gnoll/flail (10)]
   266 | D:1      | Mangled by a gnoll

Vault maps used:
D:1:      co_arrival_square_in_a_square_in_a_square, nrook_mini_vaults

Action                   || total
-------------------------++-------
Melee: Unarmed           ||    54
       Tailslap          ||     4
       Kick              ||     2
       Headbutt          ||     1
 Cast: Beastly Appendage ||     4
  Use: Potion            ||     1
Armor: Skin              ||    14
Dodge: Dodged            ||    50

Table legend:
 A = Spawn XP
 B = Non-spawn XP
 C = Spawn XP percentage of total XP
 D = Spawn monster count
 E = Non-spawn monster count
 F = Spawn count percentage of total count
 G = Total turns spent on level
                    A         B        C        D         E        F      G
               +---------+---------+-------+---------+---------+-------+---------
         Total |       0 |      13 |   0.0 |       0 |      10 |   0.0 |   266
               +---------+---------+-------+---------+---------+-------+---------
           D:1 |       0 |      13 |   0.0 |       0 |      10 |   0.0 |   266
               +---------+---------+-------+---------+---------+-------+---------
